 Dungeon Crawl Stone Soup version 0.29-a0-356-g7bc237e783 (webtiles) character file.

Game seed: 13029140500287930796

6343 spaghetti the Ogre Mage (level 10, -1/104 HPs)
             Began as an Ogre Earth Elementalist on Apr 26, 2022.
             Was an Initiate of Gozag.
             Slain by a komodo dragon (28 damage)
             ... on level 1 of the Lair of Beasts.
             The game lasted 00:21:56 (12721 turns).

spaghetti the Ogre Mage (Ogre Earth Elementalist)  Turns: 12721, Time: 00:21:57

Health: -1/104     AC:  9    Str: 18    XL:     10   Next: 96%
Magic:  1/24       EV: 14    Int: 20    God:    Gozag
Gold:   334        SH:  0    Dex: 12    Spells: 8/29 levels left

rFire   . . .      SeeInvis .   I - staff of cold {!astaff}
rCold   + . .      Faith    .   (no shield)
rNeg    . . .      Spirit   .   b - +0 robe
rPois   .          Reflect  .   (helmet restricted)
rElec   .          Harm     .   f - +1 cloak of Gravity {Dex+3}
rCorr   .          Rampage  .   (gloves unavailable)
Will    +....                   (boots unavailable)
Stlth   ++........              (no amulet)
HPRegen 0.27/turn               v - +4 ring of evasion
MPRegen 0.19/turn               O - +4 ring of protection

@: gold aura
A: large, unfitting armour, tough skin 1, strong 2
a: Renounce Religion, Potion Petition, Call Merchant, Bribe Branch


You were on level 1 of the Lair of Beasts.
You worshipped Gozag.
Gozag was aware of your devotion.
You visited 2 branches of the dungeon, and saw 10 of its levels.

You collected 1715 gold pieces.
You spent 332 gold pieces at shops.
You paid 1049 gold pieces to Gozag.


Innate Abilities, Weirdness & Mutations

You are too large for most types of armour.
You have tough skin. (AC +1)
Your muscles are very strong. (Str +4)


   Skills:
 + Level 7.9 Fighting
 - Level 1.7 Dodging
 - Level 1.4 Stealth
 * Level 10.0 Spellcasting
 * Level 2.1 Conjurations
 + Level 1.7 Summonings
 + Level 5.7 Transmutations
 + Level 3.3 Ice Magic
 * Level 8.7 Earth Magic


You had 8 spell levels left.
You knew the following spells:

 Your Spells              Type           Power      Damage    Failure   Level
a - Sandblast             Erth           88%        2d18      1%          1
b - Stone Arrow           Conj/Erth      62%        3d10      2%          3
c - Ice Form              Ice/Tmut       42%        N/A       11%         4
d - Summon Ice Beast      Ice/Summ       30%        N/A       24%         4
e - Petrify               Tmut/Erth      38%        N/A       3%          4
f - Lee's Rapid Deconstr  Erth           22%        3d13*     5%          5

Your spell library contained the following spells:

 Spells                   Type           Power      Damage    Failure   Level
 Passwall                 Tmut/Erth      31%        N/A       1%          2
 Frozen Ramparts          Ice            70%        1d9       5%          3
 Animate Armour           Summ/Erth      62%        N/A       8%          4
 Ignite Poison            Fire/Tmut/Pois 17%        N/A       10%         3
 Mephitic Cloud           Conj/Pois/Air  12%        N/A       16%         3
 Blade Hands              Tmut           16%        N/A       19%         5
 Fulminant Prism          Conj/Hex       7%         3d7       41%         4
 Iskenderun's Mystic Bla  Conj/Tloc      14%        2d5       41%         4
 Freezing Cloud           Conj/Ice/Air   13%        6-21      65%         5
 Iron Shot                Conj/Erth      15%        9d4       75%         6

Inventory:

Hand Weapons
 D - a +1 great sword {long}
   (You took it off a wight on level 8 of the Dungeon)
Missiles
 a - 199 stones {throwing}
 d - 21 poisoned darts {throwing}
 g - a throwing net {=f!fthrowing}
 h - 3 atropa-tipped darts {throwing}
 q - 9 curare-tipped darts {=fthrowing}
 z - 4 boomerangs of dispersal {=f!fthrowing}
 M - 2 boomerangs {throwing}
Armour
 b - a +0 robe (worn)
 f - the +1 cloak of Gravity (worn) {Dex+3}
   (You bought it in a shop on level 5 of the Dungeon)

   Dex:       It affects your dexterity (+3).
Magical Staves
 F - a staff of death {!astaff}
   (You found it on level 6 of the Dungeon)
 I - a staff of cold (weapon) {!astaff}
   (You found it on level 9 of the Dungeon)
Jewellery
 i - a ring of protection from cold
   (You found it on level 1 of the Dungeon)
 m - an amulet of regeneration {@e2}
   (You found it on level 4 of the Dungeon)
 p - the ring of Tovet {rElec rPois Will- Dex+6}
   (You found it on level 7 of the Dungeon)

   [ring of dexterity]

   Dex:       It affects your dexterity (+6).
   rElec:     It insulates you from electricity.
   rPois:     It protects you from poison.
   Will:      It decreases your willpower.
 r - a +4 ring of evasion
   (You found it on level 2 of the Dungeon)
 v - a +4 ring of evasion (left hand)
   (You found it on level 2 of the Dungeon)
 G - a ring of flight
   (You found it on level 8 of the Dungeon)
 O - a +4 ring of protection (right hand)
   (You found it on level 5 of the Dungeon)
 Z - an amulet of the acrobat
   (You took it off a gnoll on level 5 of the Dungeon)
Wands
 u - a wand of iceblast (22)
   (You found it on level 6 of the Dungeon)
 w - a wand of flame (15)
   (You found it on level 8 of the Dungeon)
 E - a wand of charming (4)
   (You found it on level 3 of the Dungeon)
 H - a wand of digging (2)
   (You found it on level 9 of the Dungeon)
 J - a wand of polymorph (14)
   (You took it off Sigmund on level 3 of the Dungeon)
Scrolls
 e - a scroll of teleportation {@r4}
 l - a scroll of magic mapping {!r}
 n - 3 scrolls of amnesia
 o - a scroll of enchant weapon
 x - a scroll of blinking {!r}
 y - 4 scrolls of fog
 L - a scroll of noise {unknown}
 N - a scroll of identify {@r1}
Potions
 j - a potion of haste {unknown}
 k - 2 potions of lignification {!q}
 s - 3 potions of degeneration {!q@e2}
 t - 2 potions of attraction {!q}
 A - a potion of flight
 B - 4 potions of curing {@q1}
 C - 2 potions of brilliance

Dungeon Overview and Level Annotations

Branches:
Dungeon (9/15)             Temple (0/1) D:7            Lair (1/6) D:9
    Orc: D:9-12

Altars:
Gozag
Uskayaw

Shops:
D:2 !   D:5 *   Lair:1 !

Annotations:
D:3 1 exclusion
D:5 1 exclusion
D:8 2 transporters, 1 exclusion

$ #. # .##.
.... ..# ..##
#$. ## #l#
.######### #@#
#........##
##.##
.###.##P..#
#...# .#
#.###.## #..##
.# #.# #.#
##.P# .# #.#
#.# ##.## .#
#.###.######..#
.#
#..#..........#
##
..#############


You could see a komodo dragon.


Message History

Press: ? - help, Shift-Dir - straight line, f - wolf
Aim: a wolf (moderately wounded, 72% to hit)
The blast of sand hits the wolf!
You kill the wolf!
Your Spellcasting skill increases to level 10!
Casting: Sandblast (safe; 1% risk of failure)
Confirm with . or Enter, or press ? or * to list all spells.
Aiming: Sandblast (safe; 1% risk of failure)
Press: ? - help, Shift-Dir - straight line, f - komodo dragon
Aim: a komodo dragon (87% to hit)
The blast of sand hits the komodo dragon!
The komodo dragon bites you!! 😮 HP[-25] MP[-1]
You take 25 damage, and now have 77/104 hp.
MASSIVE DAMAGE!! (PAUSE)
You lost 1 mp, and now have 3/24 mp.
Casting: Sandblast (safe; 1% risk of failure)
Confirm with . or Enter, or press ? or * to list all spells.
Aiming: Sandblast (safe; 1% risk of failure)
Press: ? - help, Shift-Dir - straight line, f/p - komodo dragon
Aim: a komodo dragon (moderately wounded, 87% to hit)
The blast of sand hits the komodo dragon!
The komodo dragon barely misses you. 😮 MP[-1]
You lost 1 mp, and now have 2/24 mp.
Casting: Sandblast (safe; 1% risk of failure)
Confirm with . or Enter, or press ? or * to list all spells.
Aiming: Sandblast (safe; 1% risk of failure)
Press: ? - help, Shift-Dir - straight line, f/p - komodo dragon
Aim: a komodo dragon (heavily wounded, 87% to hit)
The blast of sand misses the komodo dragon.
The blast of sand hits the komodo dragon but does no damage.
The komodo dragon is distracted by your dazzling golden aura.
The komodo dragon bites you!!
The komodo dragon hisses angrily. 😮 HP[-24] MP[-1]
You take 24 damage, and now have 53/104 hp.
MASSIVE DAMAGE!! (PAUSE)
You lost 1 mp, and now have 1/24 mp.
You hit the komodo dragon but do no damage.
The komodo dragon is no longer distracted by gold.
The komodo dragon bites you!!
* * * LOW HITPOINT WARNING * * *
😱 HP[-27]
You take 27 damage, and now have 26/104 hp.
MASSIVE DAMAGE!! (PAUSE)
Okay, then.
Aiming: Charm
Press: ? - help, Shift-Dir - straight line, f/p - komodo dragon
Aim: a komodo dragon (heavily wounded, chance to affect: 31%)
The komodo dragon easily resists.
The komodo dragon barely misses you. 😱 MP[+1]
Aiming: Iceblast
Press: ? - help, Shift-Dir - straight line, f/p - komodo dragon
Aim: a komodo dragon (heavily wounded)
Okay, then.
Casting: Sandblast (safe; 1% risk of failure)
Confirm with . or Enter, or press ? or * to list all spells.
Aiming: Sandblast (safe; 1% risk of failure)
Press: ? - help, Shift-Dir - straight line, f/p - komodo dragon
Aim: a komodo dragon (heavily wounded, 87% to hit)
The blast of sand hits the komodo dragon!
The komodo dragon is distracted by your dazzling golden aura. 😱 MP[-1]
You lost 1 mp, and now have 1/24 mp.
Casting: Sandblast (safe; 1% risk of failure)
Confirm with . or Enter, or press ? or * to list all spells.
Aiming: Sandblast (safe; 1% risk of failure)
Press: ? - help, Shift-Dir - straight line, f/p - komodo dragon
Aim: a komodo dragon (almost dead, unaware, hasn't noticed you, 87% to hit)
The blast of sand hits the komodo dragon!
You kill the komodo dragon!
Your Conjurations skill increases to level 2! 😨 HP[+1] MP[-1]
You lost 1 mp, and now have 0/24 mp.
Casting: Sandblast (safe; 1% risk of failure)
Confirm with . or Enter, or press ? or * to list all spells.
You don't have enough magic to cast this spell.
Aiming: Charm
Press: ? - help, Shift-Dir - straight line, f - komodo dragon
Aim: a komodo dragon (chance to affect: 31%)
Okay, then.
Aiming: Mindburst
Press: ? - help, Shift-Dir - straight line, f - komodo dragon
Aim: a komodo dragon (chance to affect: 47%)
The komodo dragon resists with some effort.
The komodo dragon bites you but does no damage.
Aiming: Mindburst
Press: ? - help, Shift-Dir - straight line, f/p - komodo dragon
Aim: a komodo dragon (chance to affect: 47%)
The komodo dragon's mind is blasted!
The now-empty wand crumbles to dust.
The komodo dragon bites you!!
* * * LOW HITPOINT WARNING * * *
😱 HP[-21]
You take 21 damage, and now have 6/104 hp.
MASSIVE DAMAGE!! (PAUSE)
Okay, then.
You feel much better. The komodo dragon bites you!!
You die...
Your body crumbles into a pile of gold.

Skill      XL: |  1  2  3  4  5  6  7  8  9 10 |
---------------+-------------------------------+-----
Transmutations | 1 2 3 4 5 |  5.7
Earth Magic    | 3 4 5 6 7 8 |  8.7
Spellcasting   | 3 4 5 6 7 8 10 | 10.0
Fighting       | 2 3 4 5 6 7 |  7.9
Ice Magic      | 2 3 |  3.3
Summonings     | 1 |  1.7
Conjurations   | 2 |  2.1
Dodging        | |  1.7
Stealth        | |  1.4

Action                   |  1- 3 |  4- 6 |  7- 9 | 10-12 || total
-------------------------+-------+-------+-------+-------++-------
Melee: Unarmed           |    36 |    54 |   100 |       ||   190
       Punch             |       |       |     1 |       ||     1
       Staff             |       |       |       |    19 ||    19
 Cast: Sandblast         |    40 |    19 |    69 |    48 ||   176
       Stone Arrow       |     5 |    32 |   113 |    38 ||   188
       Ice Form          |       |       |     1 |       ||     1
Invok: Call Merchant     |       |       |     1 |     1 ||     2
Evoke: Wand              |       |     2 |    10 |     3 ||    15
  Use: Potion            |     1 |     4 |    11 |     2 ||    18
       Scroll            |       |       |    11 |     2 ||    13
Armor: Robe              |    14 |     7 |    38 |    30 ||    89
       Skin              |       |       |   118 |       ||   118
Dodge: Dodged            |    36 |    54 |   174 |    58 ||   322

Levels and vault maps discovered:
D:1:      dpeg_arrival_prison, layout_basic, basic_ecumenical_altar,
          grunt_decor_junction
D:2:      layout_loops_cross, serial_shops, nicolae_diamond_shop
D:3:      layout_loops_corners, uniq_sigmund
D:4:      layout_cave_pools, uniq_eustachio
D:5:      layout_loops_ring, mainiacjoe_overflow_catwalk
D:6:      layout_loops_ring
D:7:      layout_cave_pools, minmay_temple_entry_waves
D:8:      gammafunk_wand_slinger, layout_cave_pools, doesnt_shop_hydraphobe
D:9:      layout_irregular_city, david_lair_shrubbed
Lair:1:   layout_loops_ring, st_stairs_5, lemuel_fruit_fields,
          lemuel_fruit_fields

Notes
Turn   | Place    | Note
-------+----------+-------------------------------------------
     0 | D:1      | spaghetti the Ogre Earth Elementalist began the quest for
                  | the Orb.
     0 | D:1      | Reached XP level 1. HP: 16/16 MP: 3/3
     0 | D:1      | magus.rc [v1.9.6]
    69 | D:1      | Reached skill level 1 in Transmutations
   171 | D:1      | Reached XP level 2. HP: 15/24 MP: 0/5
   331 | D:1      | Reached skill level 3 in Earth Magic
   671 | D:1      | Reached skill level 3 in Spellcasting
  1083 | D:1      | Reached XP level 3. HP: 31/31 MP: 5/7
  1087 | D:1      | Learned a level 3 spell: Stone Arrow
  1114 | D:1      | Found a faded altar of an unknown god.
  1124 | D:1      | Prayed at the altar of an unknown god.
  1124 | D:1      | Became a worshipper of Gozag Ym Sagoz the Greedy
  1537 | D:2      | You add the spells Ignite Poison, Mephitic Cloud and
                  | Freezing Cloud to your library.
  1591 | D:2      | Found Iwy Yptuuff's Distillery.
  1847 | D:2      | Reached XP level 4. HP: 20/40 MP: 0/9
  2191 | D:2      | Reached skill level 1 in Fighting
  2802 | D:3      | Noticed Sigmund
  3046 | D:3      | Killed Sigmund
  3047 | D:3      | Reached skill level 2 in Fighting
  3047 | D:3      | Reached skill level 4 in Spellcasting
  3047 | D:3      | Reached skill level 2 in Transmutations
  3047 | D:3      | Reached skill level 4 in Earth Magic
  3047 | D:3      | Reached XP level 5. HP: 23/49 MP: 1/11
  3241 | D:3      | Noticed an ice beast
  3286 | D:3      | Reached XP level 6. HP: 21/58 MP: 1/12
  3395 | D:3      | Killed an ice beast
  4479 | D:4      | Noticed a sky beast
  4577 | D:3      | HP: 12/59 [something (5)]
  4578 | D:3      | HP: 4/59 [something (6)]
  4583 | D:3      | Killed a sky beast
  4584 | D:3      | Reached skill level 3 in Fighting
  4584 | D:3      | Reached skill level 5 in Spellcasting
  4584 | D:3      | Reached XP level 7. HP: 17/67 MP: 12/14
  4869 | D:4      | Noticed Eustachio
  5014 | D:4      | Killed Eustachio
  5015 | D:4      | Reached skill level 5 in Earth Magic
  5080 | D:4      | Reached skill level 3 in Transmutations
  5318 | D:4      | Reached skill level 4 in Fighting
  5398 | D:4      | Reached skill level 6 in Spellcasting
  5410 | D:4      | Reached XP level 8. HP: 78/78 MP: 1/17
  5701 | D:3      | HP: 18/78 [gnoll shaman/+0 whip (9)]
  6545 | D:5      | Entered Level 5 of the Dungeon
  7063 | D:5      | Reached skill level 6 in Earth Magic
  7340 | D:5      | Reached skill level 5 in Fighting
  7340 | D:5      | Reached skill level 7 in Spellcasting
  7749 | D:5      | Reached skill level 4 in Transmutations
  7901 | D:5      | Found a hide-covered altar of Uskayaw.
  8084 | D:5      | Bought the +1 cloak of Gravity {Dex+3} for 228 gold pieces
  8447 | D:6      | Reached XP level 9. HP: 88/88 MP: 13/20
  9024 | D:6      | You pick up a book of Rime and begin reading...
  9024 | D:6      | You add the spells Frozen Ramparts, Ice Form and Summon Ice
                  | Beast to your library.
  9068 | D:6      | Learned a level 4 spell: Ice Form
  9073 | D:6      | Learned a level 4 spell: Summon Ice Beast
  9213 | D:6      | Reached skill level 8 in Spellcasting
  9489 | D:7      | Reached skill level 6 in Fighting
  9493 | D:6      | Reached skill level 7 in Earth Magic
  9595 | D:7      | HP: 22/114 [wight/+0 scimitar (10)]
  9597 | D:7      | HP: 8/108 [wight/+0 dire flail (3)]
  9612 | D:7      | HP: 8/76 [orc wizard/puff of flame (6)]
  9616 | D:7      | Reached skill level 1 in Ice Magic
  9621 | D:7      | Identified the ring of Tovet {rElec rPois Will- Dex+6}
  9631 | D:7      | HP: 4/90 [something/ball of steam (17)]
 10126 | D:7      | Found a staircase to the Ecumenical Temple.
 10594 | D:8      | Reached skill level 5 in Transmutations
 10594 | D:8      | Reached skill level 2 in Ice Magic
 10673 | D:8      | Reached XP level 10. HP: 89/100 MP: 20/22
 10676 | D:8      | Reached skill level 9 in Spellcasting
 10850 | D:8      | Noticed a kobold demonologist
 10850 | D:8      | Noticed a kobold demonologist
 10853 | D:8      | Found a transporter.
 10887 | D:8      | Found a transporter.
 10954 | D:8      | Reached skill level 7 in Fighting
 10962 | D:8      | Found Wocel's Hydra Hut.
 11044 | D:8      | Noticed a five-headed hydra
 11090 | D:8      | You pick up a book of Blasting and begin reading...
 11090 | D:8      | You add the spells Fulminant Prism, Iskenderun's Mystic
                  | Blast and Lee's Rapid Deconstruction to your library.
 11142 | D:8      | Reached skill level 8 in Earth Magic
 11147 | D:8      | Learned a level 4 spell: Petrify
 11153 | D:8      | Learned a level 5 spell: Lee's Rapid Deconstruction
 12105 | D:9      | Found a staircase to the Lair.
 12136 | Lair:1   | Entered Level 1 of the Lair of Beasts
 12186 | Lair:1   | You pick up a book of Iron and begin reading...
 12186 | Lair:1   | You add the spells Animate Armour, Blade Hands and Iron
                  | Shot to your library.
 12188 | Lair:1   | Noticed a black mamba
 12196 | Lair:1   | Killed a black mamba
 12197 | Lair:1   | Reached skill level 1 in Summonings
 12268 | Lair:1   | Reached skill level 1 in Conjurations
 12268 | Lair:1   | Reached skill level 3 in Ice Magic
 12666 | Lair:1   | Bought a potion of mutation for 104 gold pieces
 12666 | Lair:1   | Gained mutation: Your muscles are strong. (Str +2) [potion
                  | of mutation]
 12666 | Lair:1   | Gained mutation: Your muscles are very strong. (Str +4)
                  | [potion of mutation]
 12712 | Lair:1   | Reached skill level 10 in Spellcasting
 12715 | Lair:1   | HP: 26/104 [komodo dragon (27)]
 12719 | Lair:1   | Reached skill level 2 in Conjurations
 12720 | Lair:1   | HP: 6/104 [komodo dragon (21)]
 12721 | Lair:1   | Slain by a komodo dragon

Vanquished Creatures
  A black mamba (Lair:1)
  4 komodo dragons
  Sigmund (D:3)
  3 yaks (D:9)
  Eustachio (D:4)
  A steam dragon (D:7)
  An acid dragon (D:8)
  A black bear (D:6)
  3 ice beasts
  A sky beast (D:3)
  3 ogres
  5 wolves (Lair:1)
  A centaur (D:4)
  A kobold brigand (D:5)
  A necrophage (D:6)
  3 scorpions
  7 bullfrogs
  3 wights (D:8)
  18 killer bees
  An orc priest (D:5)
  2 hounds
  A jelly (D:5)
  3 gnoll shamans
  6 iguanas
  2 orc wizards
  22 gnolls
  10 adders
  A shadow imp (D:6)
  2 white imps
  An ufetubus (D:4)
  2 worms
  5 dart slugs
  21 orcs
  7 endoplasms
  3 giant cockroaches
  6 goblins
  8 hobgoblins
  4 jackals (D:4)
  2 quokkas
  6 ball pythons
  2 bats (D:1)
  A frilled lizard (D:1)
  14 kobolds
  6 rats
197 creatures vanquished.

Vanquished Creatures (collateral kills)
  An orc warrior (D:7)
  A bullfrog (D:7)
  A wight (D:7)
  2 killer bees (D:7)
  An iguana (D:7)
  6 orcs (D:7)
12 creatures vanquished.

Vanquished Creatures (others)
  An orc warrior (D:7)
  3 wights (D:7)
  7 plants
11 creatures vanquished.

Grand Total: 220 creatures vanquished

Table legend:
 A = Non-vault XP
 B = Vault XP
 C = Vault XP percentage of total XP
 D = Non-vault monster count
 E = Vault monster count
 F = Vault count percentage of total count
                 A         B        C        D         E       F
            +---------+---------+-------+---------+---------+-------
      Total |    7910 |    1152 |  12.7 |     203 |       7 |   3.3
            +---------+---------+-------+---------+---------+-------
        D:1 |      33 |       5 |  13.2 |      19 |       3 |  13.6
        D:2 |      60 |       0 |   0.0 |      13 |       0 |   0.0
        D:3 |     398 |     214 |  35.0 |      20 |       1 |   4.8
        D:4 |     521 |     211 |  28.8 |      35 |       1 |   2.8
        D:5 |     826 |       0 |   0.0 |      31 |       0 |   0.0
        D:6 |     865 |       0 |   0.0 |      20 |       0 |   0.0
        D:7 |     993 |       0 |   0.0 |      28 |       0 |   0.0
        D:8 |    1225 |       0 |   0.0 |      17 |       0 |   0.0
        D:9 |    1020 |     350 |  25.5 |       9 |       1 |  10.0
     Lair:1 |    1969 |     372 |  15.9 |      11 |       1 |   8.3
            +---------+---------+-------+---------+---------+-------

Illustrated notes

Table legend:
 A = Kills in this place as a percentage of kills in entire the game.
 B = Kills by you in this place as a percentage of kills by you in the entire game.
 C = Kills by friends in this place as a percentage of kills by friends in the entire game.
 D = Other kills in this place as a percentage of other kills in the entire game.
 E = Experience gained in this place as a percentage of experience gained in the entire game.
 F = Experience gained in this place divided by the number of levels of this place that you have seen.
                   A       B       C       D       E      F
               +-------+-------+-------+-------+-------+----------------------
         Total | 100.0 | 100.0 | 100.0 | 100.0 | 100.0 | 906.2
       Dungeon |  94.3 |  93.9 | 100.0 | 100.0 |  74.2 | 746.8
          Lair |   5.7 |   6.1 |   0.0 |   0.0 |  25.8 | 2341.0
               +-------+-------+-------+-------+-------+----------------------

Table legend: (Time is in decaauts)
 A = Elapsed time spent in this place.
 B = Non-inter-level travel time spent in this place.
 C = Inter-level travel time spent in this place.
 D = Time resting spent in this place.
 E = Time spent auto-exploring this place.
 F = Levels seen in this place.
 G = Mean time per level.
                   A        B        C        D        E       F      G
               +--------+--------+--------+--------+--------+-----+--------+
         Total |  12747 |  12351 |    396 |   2172 |   8760 |  10 | 1274.7 |
       Dungeon |  12162 |  11766 |    396 |   2019 |   8393 |   9 | 1351.3 |
          Lair |    585 |    585 |      0 |    153 |    367 |   1 |  585.0 |
               +--------+--------+--------+--------+--------+-----+--------+

Top non-repeatable levels by time:
     D:3: 2418 daAuts
     D:5: 1629 daAuts
     D:4: 1493 daAuts
     D:2: 1463 daAuts
     D:1: 1353 daAuts
     D:6: 1189 daAuts
     D:8: 945 daAuts
     D:7: 885 daAuts
     D:9: 784 daAuts
  Lair:1: 585 daAuts
